 Dungeon Crawl Stone Soup version 0.17-a0-1093-g0b3cd89 (webtiles) character file.

15033 Fluffy the Cleaver (level 12, -23/113 HPs)
             Began as a Hill Orc Fighter on May 20, 2015.
             Was a High Priest of Okawaru.
             Annihilated by an ettin
             ... wielding a +0 dire flail
              (32 damage)
             ... on level 3 of the Orcish Mines.
             The game lasted 00:35:48 (10465 turns).

Fluffy the Cleaver (Hill Orc Fighter)              Turns: 10465, Time: 00:35:48

Health: -23/113    AC: 18    Str: 17    XL:     12   Next: 22%
Magic:  20/20      EV:  7    Int: 14    God:    Okawaru [*****.]
Gold:   1145       SH:  0    Dex: 14    Spells: 0 memorised, 11 levels left

rFire  + + .     SeeInvis .     f - +2 executioner's axe of Destiny {chop, Str-3 Int+6}
rCold  + . .     Clarity  .     h - +0 chain mail {rC+}
rNeg   . . .     SustAb   .     (no shield)
rPois  +         Gourm    .     n - +0 helmet
rElec  .         Spirit   .     P - +0 cloak "Vulinoer" {rPois Slay+5 Stlth+}
rCorr  .         Warding  .     N - +2 pair of gloves
rMut   .         Stasis   .     (no boots)
MR     .....                    A - amulet of regeneration
Stlth  ..........               k - ring of protection from fire
                                g - ring of protection from fire

@: not resistant to hostile enchantments, extremely unstealthy
A: no striking features
a: Heroism, Finesse, Renounce Religion


You were on level 3 of the Orcish Mines.
You worshipped Okawaru.
Okawaru was extremely pleased with you.
You were hungry.

You visited 3 branches of the dungeon, and saw 16 of its levels.

You collected 1145 gold pieces.

Inventory:

Hand weapons
 f - the +2 executioner's axe of Destiny (weapon) {chop, Str-3 Int+6}
   (Okawaru gifted it to you on level 10 of the Dungeon)

   It inflicts extra damage upon your enemies.
   It affects your strength (-3).
   It affects your intelligence (+6).
 G - a +3 battleaxe of venom
 V - a +1 hand axe of flaming
Armour
 h - a +0 chain mail of cold resistance (worn)
 n - a +0 helmet (worn)
 N - a +2 pair of gloves (worn)
 P - the +0 cloak "Vulinoer" (worn) {rPois Slay+5 Stlth+}
   (Okawaru gifted it to you on level 11 of the Dungeon)

   It affects your accuracy and damage with ranged weapons and melee attacks
   (+5).
   It protects you from poison.
   It makes you more stealthy.
Jewellery
 g - a ring of protection from fire (left hand)
 k - a ring of protection from fire (right hand)
 A - an amulet of regeneration (around neck)
 B - an uncursed ring of sustain abilities
Magical devices
 a - a wand of confusion (16)
 r - a wand of cold (4)
 v - a wand of slowing (34)
 w - a wand of fire (0)
 C - a wand of magic darts (8)
 I - a wand of slowing (24)
 K - a wand of draining (2)
 L - a wand of polymorph (12)
 M - a wand of teleportation (7)
 T - a wand of enslavement (6)
Scrolls
 c - a scroll of identify
 i - a scroll of blinking
 l - a scroll of magic mapping
 q - 6 scrolls of remove curse
 u - 2 scrolls of teleportation
 y - 2 scrolls of recharging
 R - 2 scrolls of enchant weapon
 S - 2 scrolls of fog
Potions
 b - 5 potions of resistance
 d - 2 potions of might
 j - a potion of agility
 m - a potion of mutation
 s - a potion of brilliance
 t - 3 potions of curing
 x - a potion of heal wounds
 z - 2 potions of flight
 E - a potion of haste
 H - 2 potions of invisibility
 Q - a potion of magic {unknown}
 U - a potion of degeneration {unknown}
Comestibles
 e - 13 bread rations
 o - 3 royal jellies
 p - 5 beef jerkies
 D - 4 fruits
 J - 7 slices of pizza
 O - a meat ration


   Skills:
 + Level 12.4 Fighting
 + Level 13.0 Axes
 + Level 11.6 Armour
   Level 3.2 Shields
 - Level 10.9 Invocations


You had 11 spell levels left.
You didn't know any spells.

Dungeon Overview and Level Annotations

Branches:
Dungeon (11/15)            Temple (1/1) D:4            Lair (0/8) D:10
    Orc (4/4) D:11            Elf (0/3) Orc:3

Altars:
Ashenzari
Cheibriados
Dithmenos
Elyvilon
Fedhas
Gozag
Kikubaaqudgha
Makhleb
Nemelex Xobeh
Okawaru
Qazlal
Ru
Sif Muna
Trog
Vehumet
Xom
Yredelemnul
Zin
The Shining One
Beogh

Shops:
D:5 [   D:8 }   D:10 }:%   D:11 %   Orc:2 (


Message History

A cyclops comes into view.
There is a stone staircase leading up here.
The cyclops shouts!
The cyclops throws a large rock.
The large rock hits you!!
You are feeling hungry.
The ettin hits you with a dire flail!! The ettin hits you with a dire flail.
You climb upwards.
A warg comes into view.
There is a stone staircase leading down here.
You slash the ettin!
The ettin is lightly wounded.
The ettin hits you with a dire flail!!!
* * * LOW HITPOINT WARNING * * *
The ettin hits you but does no damage.
You hit the ettin.
The ettin is moderately wounded.
The ettin hits you with a dire flail!!
* * * LOW HITPOINT WARNING * * *
The ettin hits you with a dire flail!!
You die...

### ##......#......# ###..## #.##
#..........#### ##....## #..#
###.#.......# #≈...## ###.###
####....### ####..#### ##.....##
#......# ##.##..###.
#.......#####.....## #..........
........#.##.......####..#.#..##.
..........#.....C....((..##...#..
....#........h..@#...(#.####..#..
...###........####.......# #.....
.#####.........####(...### ##....
..#.##....#.....#.....### ##...
...(.#..(###....#.......# ##...
....)..[####...[#.)..#### #....
#..)...># #...[[....## ##...
......### ##.#.[[...# ####
.......### ###......# #


You could see an ettin and a warg.

Vanquished Creatures
  Erica (Orc:1)
  Nergalle (Orc:2)
  The ghost of Charly the Cleaver, an experienced DDBe of Trog (D:8)
  2 hill giants
  An orc sorcerer (Orc:1)
  A manticore (D:11)
  A cyclops (D:11)
  5 komodo dragons (D:10)
  3 trolls
  A two-headed ogre (D:10)
  Sigmund (D:4)
  A wyvern (D:8)
  A hippogriff (D:8)
  A hungry ghost (D:10)
  7 yaks
  Grum (D:10)
  A deep elf mage (D:11)
  A warg (Orc:1)
  A human (D:7)
  A steam dragon (D:9)
  4 wolves (D:10)
  A mottled dragon (D:10)
  Menkaure (D:4)
  A soldier ant (D:10)
  7 orc warriors
  7 centaurs
  2 sky beasts
  2 ice beasts
  2 crocodiles
  9 ogres
  A phantom (D:8)
  A big kobold (D:7)
  5 giant frogs
  2 scorpions
  A water moccasin skeleton (D:6)
  5 crimson imps
  12 wights
  A centaur zombie (D:10)
  9 orc priests
  4 hounds
  A giant frog skeleton (D:8)
  A jelly (D:11)
  A quasit (D:8)
  7 worker ants
  Terence (D:2)
  28 orc wizards
  6 iguanas
  4 spectral orcs (Orc:2)
  3 sheep (D:7)
  A hound zombie (D:9)
  2 hound skeletons
  2 worker ant zombies
  Robin (D:2)
  11 gnolls
  17 adders
  5 worms
  2 adder skeletons (D:4)
  6 giant geckos
  128 orcs
  2 bat skeletons
  3 giant cockroaches
  21 hobgoblins
  10 jackals
  21 kobolds
  6 quokkas
  2 ball pythons (D:2)
  10 bats
  A giant gecko skeleton (D:6)
  4 giant newts
  19 goblins
  2 quokka skeletons
  22 rats
  A fungus (Orc:1)
461 creatures vanquished.

Vanquished Creatures (others)
  An orc (D:10)
1 creature vanquished.

Grand Total: 462 creatures vanquished

Notes
Turn   | Place    | Note
--------------------------------------------------------------
     0 | D:1      | Fluffy the Hill Orc Fighter began the quest for the Orb.
     0 | D:1      | Reached XP level 1. HP: 19/19 MP: 1/1
    86 | D:1      | Reached XP level 2. HP: 20/27 MP: 2/2
   136 | D:1      | Reached skill level 4 in Fighting
   211 | D:1      | Reached XP level 3. HP: 23/33 MP: 3/3
   750 | D:2      | Noticed Terence
   754 | D:2      | Noticed Robin
   759 | D:2      | Killed Terence
   759 | D:2      | Reached XP level 4. HP: 28/41 MP: 4/4
   768 | D:2      | Killed Robin
  1113 | D:2      | Reached XP level 5. HP: 47/47 MP: 5/5
  1126 | D:2      | Reached skill level 5 in Fighting
  1365 | D:3      | Found a glowing silver altar of Zin.
  1556 | D:3      | Found an ancient bone altar of Kikubaaqudgha.
  1803 | D:3      | Reached XP level 6. HP: 56/56 MP: 6/6
  1811 | D:3      | Reached skill level 5 in Axes
  1823 | D:3      | Found a white marble altar of Elyvilon.
  2243 | D:4      | Reached skill level 6 in Fighting
  2275 | D:4      | Reached skill level 5 in Armour
  2483 | D:4      | Reached XP level 7. HP: 54/64 MP: 7/7
  2589 | D:4      | Found a shadowy altar of Dithmenos.
  2594 | D:4      | Noticed Sigmund
  2605 | D:4      | Killed Sigmund
  2690 | D:4      | Found a staircase to the Ecumenical Temple.
  2714 | Temple   | Entered the Ecumenical Temple
  2724 | Temple   | Became a worshipper of Warmaster Okawaru
  3065 | D:4      | Reached skill level 7 in Fighting
  3065 | D:4      | Reached skill level 1 in Invocations
  3159 | D:4      | Noticed Menkaure
  3165 | D:4      | Killed Menkaure
  3165 | D:4      | Reached XP level 8. HP: 60/73 MP: 9/9
  3207 | D:5      | Entered Level 5 of the Dungeon
  3318 | D:5      | Acquired Okawaru's first power
  3358 | D:5      | Found Fegaqupir's Antique Armour Emporium.
  3617 | D:6      | Found a shimmering altar of Xom.
  3739 | D:6      | Found a glowing golden altar of the Shining One.
  3951 | D:6      | Reached skill level 8 in Fighting
  3975 | D:6      | Found a shattered altar of Ashenzari.
  4010 | D:6      | Found a deep blue altar of Sif Muna.
  4303 | D:7      | Reached XP level 9. HP: 13/82 MP: 12/12
  4446 | D:7      | Reached skill level 5 in Invocations
  5233 | D:8      | Reached skill level 9 in Axes
  5471 | D:8      | Found Ribbaffa's Gadget Shop.
  5602 | D:8      | Noticed Charly's ghost (experienced DDBe)
  5617 | D:8      | Killed Charly's ghost
  5617 | D:8      | Reached skill level 10 in Axes
  5617 | D:8      | Reached XP level 10. HP: 80/92 MP: 13/15
  6067 | D:9      | Reached skill level 10 in Fighting
  6468 | D:10     | Entered Level 10 of the Dungeon
  6469 | D:10     | Found Qyskace's Gadget Shoppe.
  6470 | D:10     | Noticed Grum
  6498 | D:10     | Killed Grum
  6616 | D:10     | Found Wosuyc's Food Shop.
  6638 | D:10     | Noticed a hill giant
  6646 | D:10     | Killed a hill giant
  6646 | D:10     | Acquired Okawaru's second power
  6879 | D:10     | Reached skill level 11 in Axes
  6945 | D:10     | Found a glowing golden altar of the Shining One.
  7161 | D:10     | Found Kaem's Book Boutique.
  7315 | D:10     | Reached XP level 11. HP: 98/101 MP: 17/17
  7333 | D:10     | Reached skill level 10 in Armour
  7399 | D:10     | HP: 1/102 [komodo dragon (19)]
  7401 | D:10     | Received a gift from Okawaru
  7421 | D:10     | Got a bone executioner's axe {god gift}
  7422 | D:10     | Identified the +2 executioner's axe of Destiny {chop, Str-3 Int+6} (Okawaru gifted it to you on level 10 of the Dungeon)
  7504 | D:10     | Found a staircase to the Lair.
  7958 | D:11     | Reached skill level 10 in Invocations
  7988 | D:11     | Found Emnuotse's Food Shoppe.
  8015 | D:11     | Found a staircase to the Orcish Mines.
  8087 | D:11     | Noticed a hill giant
  8096 | D:11     | Killed a hill giant
  8096 | D:11     | Received a gift from Okawaru
  8096 | D:11     | Reached skill level 12 in Axes
  8114 | D:11     | Got an encrusted cloak {god gift}
  8126 | D:11     | Identified the +0 cloak "Vulinoer" {rPois Slay+5 Stlth+} (Okawaru gifted it to you on level 11 of the Dungeon)
  8583 | Orc:1    | Entered Level 1 of the Orcish Mines
  8821 | Orc:1    | Noticed Erica
  8833 | Orc:1    | Killed Erica
  9236 | Orc:2    | Found Ahylluer's Antique Weapon Shoppe.
  9243 | Orc:2    | Reached XP level 12. HP: 99/112 MP: 20/20
  9250 | Orc:2    | Noticed Nergalle
  9266 | Orc:2    | Killed Nergalle
  9768 | Orc:3    | Found a burning altar of Makhleb.
  9939 | Orc:3    | Found a staircase to the Elven Halls.
  9947 | Orc:3    | Found a roughly hewn altar of Beogh.
 10078 | Orc:3    | Reached skill level 13 in Axes
 10431 | Orc:4    | Entered Level 4 of the Orcish Mines
 10451 | Orc:4    | Noticed an ettin
 10465 | Orc:3    | Annihilated by an ettin

Vault maps used:
D:1:      saegor_arrival_simple_b, minivault_24
D:2:      first_bread, uniq_terence, uniq_robin
D:3:      nicolae_overflow_crystal_walls, zin_academy, lemuel_doored_altar,
          minmay_misc_feat_hallway
D:4:      lemuel_upstairs_altar, nicolae_dithmenos_through_a_glass_darkly,
          minmay_temple_entry_glass, minmay_divided_ellipse, uniq_menkaure,
          uniq_sigmund
D:5:      serial_shops, shop_fountains,
          nicolae_shop_temple_entry_statues_fountains, shop
D:6:      overflow_temple_1_default, ashenzari_altar_1, basic_altar,
          led_sif_pool
D:7:      grunt_livestock
D:8:      serial_shops, kennysheep_little_box
D:9:      serial_park_tiny_2, grunt_ministairs_11
D:10:     erik_lair_dragon, serial_shops, nicolae_shop_stone, shop, shop,
          hangedman_decor_opposing, tso_metal_star, uniq_grum
D:11:     david_orc_2, serial_shops, shop
Temple:   circular_temple_13
Orc:1:    guppyfry_library_mini, uniq_erica
Orc:2:    serial_shops, nicolae_shop_crystal, uniq_nergalle
Orc:3:    basic_altar, nicolae_orc_pool_cavern, bloody_makhleb
Orc:4:    grunt_orc_gardens, grunt_orc_garden, grunt_orc_garden,
          grunt_orc_garden, grunt_orc_garden

Action                   |  1- 3 |  4- 6 |  7- 9 | 10-12 || total
-------------------------+-------+-------+-------+-------++-------
Melee: War axe           |   145 |   171 |   232 |     6 ||   554
       Battleaxe         |       |       |   115 |   167 ||   282
       Executioner's axe |       |       |       |   328 ||   328
Invok: Heroism           |       |       |       |     2 ||     2
       Finesse           |       |       |       |     1 ||     1
Evoke: Wand              |       |       |     2 |     4 ||     6
  Use: Scroll            |     8 |     3 |     5 |     6 ||    22
       Potion            |     1 |       |       |     1 ||     2
  Eat: Chunk             |       |     6 |    12 |    21 ||    39
       Fruit             |       |       |       |     1 ||     1
